 Dungeon Crawl Stone Soup version 0.28-a0-938-gbc3f381ebc (webtiles) character file.

Game seed: 6396869025525776185

120 croobank the Cutter (level 5, -3/61 HPs)
             Began as a Human Monk on Nov 28, 2021.
             Slain by an ogre (13 damage)
             ... on level 3 of the Dungeon.
             The game lasted 00:12:22 (2536 turns).

croobank the Cutter (Human Monk)                    Turns: 2536, Time: 00:12:22

Health: -3/61      AC: 22    Str: 12    XL:     5   Next: 25%
Magic:  5/5        EV:  2    Int: 11    God:
Gold:   115        SH:  0    Dex: 15    Spells: 4/4 levels left

rFire   . . .      SeeInvis .   a - +2 dagger (venom)
rCold   . . .      Faith    .   (no shield)
rNeg    . . .      Spirit   .   (armour currently unavailable)
rPois   +          Reflect  .   (helmet currently unavailable)
rElec   .          Harm     .   (cloak currently unavailable)
rCorr   .          Rampage  .   (gloves currently unavailable)
Will    +....      NoTele   +   (boots currently unavailable)
Stlth   ++........              (no amulet)
HPRegen 0.20/turn               j - ring of willpower
MPRegen 0.09/turn               (no ring)

@: tree-form
A: stationary, stasis, torment immunity, boosted hp
a: no special abilities


You were on level 3 of the Dungeon.
You were a tree.
You visited 1 branch of the dungeon, and saw 3 of its levels.

You collected 115 gold pieces.

Inventory:

Hand Weapons
 a - a +2 dagger of venom (weapon)
 b - a +0 hunting sling
 c - a +0 hand axe
 e - a +0 short sword
 p - a +0 trident
Missiles
 h - 58 stones (quivered)
 k - 38 bolts
 l - 9 arrows
 n - 22 poisoned darts
Armour
 d - a +0 leather armour
 i - a +0 chain mail
 o - a +0 helmet (melded)
 r - a +2 leather armour of fire resistance (melded)
Jewellery
 j - a ring of willpower (left branch)
Scrolls
 g - a scroll of amnesia
 m - 2 scrolls of teleportation
 q - 2 scrolls of fear {unknown}
Potions
 f - a potion of lignification


   Skills:
 - Level 3.1 Fighting
 + Level 4.2 Short Blades
 - Level 3.0 Axes
 - Level 3.0 Dodging
 - Level 2.0 Stealth


You had 4 spell levels left.
You didn't know any spells.
Your spell library contained the following spells:

 Spells                   Type           Power      Damage    Failure   Level
 Corpse Rot               Necr/Air       0%         N/A       47%         2
 Dispel Undead            Necr           0%         3d6       98%         4


Dungeon Overview and Level Annotations

Branches:
Dungeon (3/15)

Altars:


Message History

You hit the orc.
You kill the orc!
You now have 115 gold pieces (gained 11).
Things that are here:
a +0 flail; a +0 chain mail; an orc corpse An ogre comes into view.
It is wielding a +0 giant club.
You see here a +2 leather armour of fire resistance.
r - a +2 leather armour of fire resistance You start removing your armour.
You continue taking off your +0 leather armour. x4
You finish taking off your +0 leather armour.
You start putting on your armour.
You continue putting on your +2 leather armour of fire resistance. x4
The ogre hits you with a +0 giant club!!
Ouch! That really hurt!
* * * LOW HITPOINT WARNING * * *
You continue putting on your +2 leather armour of fire resistance.
The ogre barely misses you.
You finish putting on your +2 leather armour of fire resistance.
You feel resistant to fire.
You open the door.
There is an open door here.
A rat comes into view.
The rat barely misses you.
Really quaff the potion of lignification?
You turn into a tree.
Your +0 helmet melds into your body.
Your +2 leather armour of fire resistance melds into your body.
You feel less resistant to fire.
Your roots penetrate the ground.
The ogre hits you but does no damage. The rat bites you but does no damage.
You hit the ogre.
The ogre is poisoned.
The ogre is lightly wounded.
The rat bites you but does no damage. The ogre hits you with a +0 giant club.
* * * LOW HITPOINT WARNING * * *
You hit the ogre.
The ogre is lightly wounded.
The rat bites you but does no damage.
You hit the ogre but do no damage.
The ogre looks as sick as possible!
The ogre is lightly wounded.
The ogre hits you with a +0 giant club!
You die...

##### #...# #...# #...#
#...# #...#
#####...##############..
........'......O♣r......
#####...#############...
........# ####....#
#.#### #. #. ## ..


You could see an ogre (extremely poisoned) and a rat.

Vanquished Creatures
  Jessica (D:2)
  5 dart slugs
  6 orcs (D:3)
  4 bats
  9 endoplasms
  5 giant cockroaches
  8 goblins
  4 hobgoblins
  4 jackals (D:2)
  5 kobolds
  3 quokkas
  6 ball pythons
  3 frilled lizards
  5 rats
68 creatures vanquished.

Notes
Turn   | Place    | Note
-------+----------+-------------------------------------------
     0 | D:1      | croobank the Human Monk began the quest for the Orb.
     0 | D:1      | Reached XP level 1. HP: 18/18 MP: 1/1
    69 | D:1      | Reached XP level 2. HP: 22/24 MP: 2/2
    73 | D:1      | Reached skill level 1 in Short Blades
   514 | D:1      | Reached XP level 3. HP: 19/29 MP: 3/3
   648 | D:1      | Reached skill level 2 in Short Blades
   808 | D:1      | HP: 1/29 [frozen (4)]
  1380 | D:2      | Reached XP level 4. HP: 35/35 MP: 4/4
  1413 | D:2      | Reached skill level 3 in Short Blades
  1697 | D:2      | Noticed Jessica
  1700 | D:2      | Killed Jessica
  1747 | D:2      | Got the Handbook of Dark Rites
  2080 | D:2      | Reached XP level 5. HP: 41/41 MP: 5/5
  2124 | D:2      | Reached skill level 4 in Short Blades
  2485 | D:3      | Noticed an ogre
  2536 | D:3      | Slain by an ogre

Illustrated notes

Levels and vault maps discovered:
D:1:      dpeg_arrival_tiny_i, layout_basic
D:2:      minmay_chambers_of_twos, layout_loops_ring, minmay_pentomino_u2,
          uniq_jessica
D:3:      layout_basic

Skill      XL: |  1  2  3  4  5 |
---------------+----------------+-----
Short Blades   | 1 2 3 4 |  4.2
Fighting       | |  3.1
Axes           | |  3.0
Dodging        | |  3.0
Stealth        | |  2.0

Action                   |  1- 3 |  4- 6 || total
-------------------------+-------+-------++-------
Melee: Hand axe          |    55 |       ||    55
       Dagger            |    25 |    94 ||   119
  Use: Scroll            |     3 |     1 ||     4
       Potion            |     2 |     2 ||     4
 Stab: Sleeping          |     9 |     7 ||    16
Armor: Robe              |    14 |     2 ||    16
       Leather armour    |       |     9 ||     9
       Skin              |       |     4 ||     4
Dodge: Dodged            |    55 |    45 ||   100

Table legend: (Time is in decaauts)
 A = Elapsed time spent in this place.
 B = Non-inter-level travel time spent in this place.
 C = Inter-level travel time spent in this place.
 D = Time resting spent in this place.
 E = Time spent auto-exploring this place.
 F = Levels seen in this place.
 G = Mean time per level.
                   A        B        C        D        E       F      G
               +--------+--------+--------+--------+--------+-----+--------+
         Total |   2508 |   2446 |     62 |    540 |   1258 |   3 |  836.0 |
       Dungeon |   2508 |   2446 |     62 |    540 |   1258 |   3 |  836.0 |
               +--------+--------+--------+--------+--------+-----+--------+

Top non-repeatable levels by time:
     D:1: 1274 daAuts
     D:2: 931 daAuts
     D:3: 301 daAuts
